cohdb
Replays
Latest Replays
All Replays
Popular Replays
Top Player Replays
Match Explorer
How It Works
Community
CoH3 Stats
Reddit
Sign in to upload your games and track your stats! →
Sign in with Steam
Match 44668442
Unlisted
Match 44668442
Overview
Messages
Build Orders
End
Construct Barracks
Selects Armored Battlegroup
Selects Veteran Crews
1⁄4-ton 4x4 Truck
Riflemen Squad
Riflemen Squad
Grenade Package
Riflemen Squad
Construct Medical Station
Air Support Center
Engineer Squad
Selects Fast Deploy
Selects Strength in Steel
M1918 Browning Automatic Rifles
Grasshopper Recon Run
Construct Tank Depot
P-47 Strafing Run
Selects Seek and Destroy
Selects UNKNOWN (2160077)
M1 Mortar Team
M1 Mortar Team
M4A3E8 Sherman Easy Eight
Grasshopper Recon Run
Selects Field Repairs
P-47 Dive Bomb
Improved Aircraft Armor
Riflemen Squad
Selects War Machine
Grasshopper Recon Run
M4A3E8 Sherman Easy Eight
P-47 Strafing Run
M1 Mortar Team
P-47 Strafing Run
M4A3E8 Sherman Easy Eight
P-47 Strafing Run
P-47 Dive Bomb
P-47 Strafing Run
vaarty
Aezi
Jqzeh
Салофоб
turi6
errrh
=RUN=TWOMAn
vincent
0
0
Comments
sign in to comment!
No comments posted yet!